 Dungeon Crawl Stone Soup version 0.32-a0-132-g2d33c3cfaf (webtiles) character file.

Game seed: 13886519878066776174

1868 CougarLife the Magician (level 9, -10/61 (65) HPs)
             Began as a Gnoll Earth Elementalist on Feb 9, 2024.
             Was a Believer of Cheibriados.
             Shot with a sling bullet by Joseph (17 damage)
             ... on level 7 of the Dungeon.
             The game lasted 00:09:48 (6462 turns).

CougarLife the Magician (Gnoll Earth Elementalist)  Turns: 6462, Time: 00:09:49

HP:   -10/61 (65)   AC:  5    Str: 12    XL:     9   Next: 13%
MP:   12/18         EV: 15    Int: 22    God:    Cheibriados [**....]
Gold: 392           SH:  0    Dex: 17    Spells: 17/21 levels left

rFire   . . .        e - +0 dagger
rCold   . . .        (no shield)
rNeg    . . .        a - +0 robe
rPois   .            d - +2 hat
rElec   .            (no cloak)
rCorr   .            s - +0 pair of gloves
SInv    .            (no boots)
Will    .....        (no amulet)
Stlth   +++          (no ring)
HPRegen 0.30/turn    (no ring)
MPRegen 0.16/turn

%: no passive effects
@: very slightly contaminated, drained, very slow
A: fangs 1, strong nose, distributed training
a: Renounce Religion, Bend Time


You were on level 7 of the Dungeon.
You worshipped Cheibriados.
Cheibriados was pleased with you.
You visited 2 branches of the dungeon, and saw 8 of its levels.

You collected 392 gold pieces.

Inventory:

Hand Weapons
 e - a +0 dagger (weapon)
Armour
 a - a +0 robe (worn)
 d - a +2 hat (worn)
 s - a +0 pair of gloves (worn)
Wands
 r - a wand of quicksilver (11)
 C - a wand of flame (6)
Scrolls
 h - 4 scrolls of teleportation {unknown}
 i - 2 scrolls of poison {unknown}
 j - a scroll of noise {unknown}
 k - 2 scrolls of fear {unknown}
 l - a scroll of enchant armour {unknown}
 m - 2 scrolls of fog {unknown}
 o - a scroll of acquirement {unknown}
 p - a scroll of blinking {unknown}
 q - 6 scrolls of identify {unknown}
 u - 4 scrolls of amnesia {unknown}
 v - 2 scrolls of immolation {unknown}
 y - 2 scrolls of enchant weapon {unknown}
 B - a scroll of silence {unknown}
Potions
 b - a potion of magic
 f - 2 potions of enlightenment {unknown}
 g - a potion of ambrosia {unknown}
 n - 2 potions of resistance {unknown}
 t - a potion of mutation {unknown}
 w - 2 potions of degeneration {unknown}
 x - 3 potions of curing {unknown}
 z - a potion of cancellation {unknown}
 A - 3 potions of attraction {unknown}


   Skills:
 + Level 4.1 Fighting
 + Level 4.1 Short Blades
 + Level 4.1 Long Blades
 + Level 4.1 Axes
 + Level 4.1 Maces & Flails
 + Level 4.1 Polearms
 + Level 4.1 Staves
 + Level 4.1 Ranged Weapons
 + Level 4.1 Throwing
 + Level 4.1 Armour
 + Level 6.2 Dodging
 + Level 5.9 Stealth
 + Level 4.1 Shields
 + Level 4.1 Unarmed Combat
 + Level 6.5 Spellcasting
 + Level 4.0 Conjurations
 + Level 3.3 Hexes
 + Level 3.3 Summonings
 + Level 3.3 Necromancy
 + Level 3.3 Translocations
 + Level 3.3 Fire Magic
 + Level 3.3 Ice Magic
 + Level 3.3 Air Magic
 + Level 6.5 Earth Magic
 + Level 3.3 Alchemy
 + Level 4.5 Invocations
 + Level 4.1 Evocations
 + Level 3.7 Shapeshifting


You had 17 spell levels left.
You knew the following spells:

 Your Spells              Type           Power      Damage    Failure   Level
a - Sandblast             Erth           70%        2d15      1%          1
b - Stone Arrow           Conj/Erth      60%        3d10      3%          3

Your spell library contained the following spells:

 Spells                   Type           Power      Damage    Failure   Level
 Passwall                 Erth           35%        N/A       1%          3
 Freeze                   Ice            88%        1d9       2%          1
 Ozocubu's Armour         Ice            22%        N/A       6%          3
 Brom's Barrelling Bould  Conj/Erth      30%        2d5       10%         4
 Petrify                  Alch/Erth      28%        N/A       12%         4


Dungeon Overview and Level Annotations

Branches:
Dungeon (7/15)             Temple (1/1) D:4

Altars:
Cheibriados
Dithmenos
Elyvilon
Fedhas
Gozag
Kikubaaqudgha
Makhleb
Nemelex Xobeh
Qazlal
Ru
Trog
Uskayaw
Vehumet
Wu Jian
Xom
Yredelemnul
Zin
The Shining One

Annotations:
D:7 Joseph


Innate Abilities, Weirdness & Mutations

You have very sharp teeth.
Your uncanny sense of smell can sniff out nearby items.
Your experience applies equally to all skills.


Message History

Cheibriados appreciates the change of pace.
You can't see any susceptible monsters within range! (Use Z to cast anyway.) Magic restored.
Things that are here:
a +1 short sword; a +0 robe Joseph, a Mercenary comes into view.
He is wielding a +1 quarterstaff of draining.
Joseph shouts!
No reachable target in view!
Joseph is nearby!
Joseph unwields a +1 quarterstaff of draining.
Joseph wields a +0 sling.
Joseph shoots a sling bullet.
The sling bullet hits you!
Joseph shoots a sling bullet.
The sling bullet hits you!
Joseph shoots a sling bullet.
The sling bullet hits you!!
* * * LOW HITPOINT WARNING * * *
Joseph shoots a sling bullet.
The sling bullet hits you.
* * * LOW HITPOINT WARNING * * *
Casting: Sandblast (safe; 1% risk of failure)
Confirm with . or Enter, or press ? or * to list all spells.
You don't know that spell.
Casting: Sandblast (safe; 1% risk of failure)
Confirm with . or Enter, or press ? or * to list all spells.
Aiming: Stone Arrow (dangerous; 3% risk of failure)
Press: ? - help, Shift-Dir - straight line, f - Joseph
Aim: Joseph, wielding a +0 sling and wearing a +0 leather armour (74% to hit)
You miscast Stone Arrow.
You are very lightly contaminated with residual magic.
Nothing appears to happen.
Joseph shoots a sling bullet.
The sling bullet hits you.
* * * LOW HITPOINT WARNING * * *
Okay, then.
Casting: Stone Arrow (dangerous; 3% risk of failure)
Confirm with . or Enter, or press ? or * to list all spells.
Aiming: Stone Arrow (dangerous; 3% risk of failure)
Press: ? - help, Shift-Dir - straight line, f/p - Joseph
Aim: Joseph, wielding a +0 sling and wearing a +0 leather armour (74% to hit)
The stone arrow misses Joseph.
Joseph shoots a sling bullet.
The sling bullet hits you!
You die...
Cheibriados appreciates the motionlessness of death.

### ### #.. ...# #.#
###.... #.###.......
##### #.....@.####
#...########.....###...
#...............##.#
#..)########..@.#..#
##.## ##.###.$##+ #.#
#.##...... #.#
#..#....... #)#
###+#####.. #.####### .
#)......# ####.##.#
######...#.##


You could see Joseph.

Vanquished Creatures
  Menkaure (D:7)
  2 sky beasts (D:7)
  2 ice beasts (D:6)
  An ogre (D:6)
  A phantom (D:6)
  4 scorpions
  4 wights (D:7)
  4 killer bees (D:7)
  A centaur zombie (D:3)
  3 hounds
  A jelly (D:5)
  2 orc priests (D:5)
  An iguana (D:6)
  4 orc wizards
  A scorpion zombie (D:3)
  3 hound skeletons (D:3)
  Robin (D:2)
  6 adders
  3 adder skeletons (D:3)
  An adder zombie (D:3)
  4 dart slugs
  3 ribbon worms
  10 orcs
  2 bats
  A bat zombie (D:3)
  2 endoplasms
  5 giant cockroaches
  12 goblins
  13 hobgoblins
  9 jackals
  2 kobolds (D:2)
  4 quokkas
  7 ball pythons
  A ball python skeleton (D:3)
  2 frilled lizards
  3 frilled lizard zombies (D:3)
  A jackal zombie (D:3)
  9 rats
136 creatures vanquished.

Notes
Turn   | Place    | Note
-------+----------+-------------------------------------------
     0 | D:1      | CougarLife the Gnoll Earth Elementalist began the quest for
                  | the Orb.
     0 | D:1      | Reached XP level 1. HP: 13/13 MP: 6/6
   160 | D:1      | Reached XP level 2. HP: 15/19 MP: 3/7
   387 | D:1      | Reached skill level 5 in Spellcasting
   387 | D:1      | Reached XP level 3. HP: 25/25 MP: 3/9
   645 | D:1      | Reached skill level 1 in Invocations
   910 | D:2      | Reached skill level 1 in Fighting
   910 | D:2      | Reached skill level 1 in Short Blades
   910 | D:2      | Reached skill level 1 in Long Blades
   910 | D:2      | Reached skill level 1 in Axes
   910 | D:2      | Reached skill level 1 in Maces & Flails
   910 | D:2      | Reached skill level 1 in Polearms
   910 | D:2      | Reached skill level 1 in Staves
   910 | D:2      | Reached skill level 1 in Ranged Weapons
   910 | D:2      | Reached skill level 1 in Throwing
   910 | D:2      | Reached skill level 1 in Armour
   910 | D:2      | Reached skill level 1 in Shields
   910 | D:2      | Reached skill level 1 in Unarmed Combat
   910 | D:2      | Reached skill level 1 in Evocations
  1106 | D:2      | Reached skill level 1 in Shapeshifting
  1106 | D:2      | Reached XP level 4. HP: 32/32 MP: 9/11
  1375 | D:2      | Noticed Robin
  1393 | D:2      | Reached skill level 1 in Hexes
  1393 | D:2      | Reached skill level 1 in Summonings
  1393 | D:2      | Reached skill level 1 in Necromancy
  1393 | D:2      | Reached skill level 1 in Translocations
  1393 | D:2      | Reached skill level 1 in Fire Magic
  1393 | D:2      | Reached skill level 1 in Ice Magic
  1393 | D:2      | Reached skill level 1 in Air Magic
  1393 | D:2      | Reached skill level 1 in Alchemy
  1402 | D:2      | Killed Robin
  1737 | D:3      | Found a glowing golden altar of the Shining One.
  1854 | D:3      | Reached XP level 5. HP: 36/37 MP: 6/12
  2394 | D:3      | Reached XP level 6. HP: 43/44 MP: 11/14
  2615 | D:3      | Found an ancient bone altar of Kikubaaqudgha.
  2816 | D:4      | Reached skill level 5 in Dodging
  3196 | D:4      | Found a staircase to the Ecumenical Temple.
  3247 | Temple   | Entered the Ecumenical Temple
  3253 | Temple   | Became a worshipper of Cheibriados the Contemplative
  3592 | D:5      | Entered Level 5 of the Dungeon
  3824 | D:5      | Learned a level 3 spell: Stone Arrow
  4034 | D:5      | Found an opulent altar of Gozag.
  4082 | D:5      | Reached XP level 7. HP: 30/50 MP: 8/15
  4119 | D:5      | Got the Papyrus of Felsic Ice
  4551 | D:5      | Reached * piety under Cheibriados
  4552 | D:5      | Reached skill level 5 in Stealth
  4964 | D:6      | Reached XP level 8. HP: 40/58 MP: 3/16
  6036 | D:7      | Reached ** piety under Cheibriados
  6039 | D:7      | HP: 2/60 [something (6)]
  6176 | D:7      | Noticed Menkaure
  6180 | D:7      | Killed Menkaure
  6181 | D:7      | Reached XP level 9. HP: 65/65 MP: 15/18
  6455 | D:7      | Noticed Joseph
  6462 | D:7      | Shot with a sling bullet by Joseph

Illustrated notes

Levels and vault maps discovered:
D:1:      onia_arrival_handbag, layout_basic
D:2:      layout_loops_ring, uniq_robin
D:3:      layout_loops_cross, lemuel_zombie_altar_kikubaaqudgha,
          mainiacjoe_overflow_alcove_2, serial_undead, serial_undead_d,
          serial_undead_d, serial_undead_c, serial_undead_f, serial_undead_f,
          serial_undead_e, serial_undead_d, serial_undead_a,
          chequers_hall_statues_corner_a
D:4:      layout_gridville, minmay_temple_entry_enclosed_plants
D:5:      layout_loops_corners, nicolae_gozag_cash_rules_everything_around_me,
          portal_sewer_entry_d, minmay_liquid_box
D:6:      layout_basic
D:7:      layout_loops_corners, nicolae_ashenzari_skybound,
          general_overflow_altar, uniq_joseph, uniq_menkaure
Temple:   hellmonk_temple_two_chambers

Skill      XL: |  1  2  3  4  5  6  7  8  9 |
---------------+----------------------------+-----
Conjurations   | 2 3 4 |  4.0
Spellcasting   | 5 6 |  6.5
Invocations    | 1 2 3 4 |  4.5
Fighting       | 1 2 3 4 |  4.1
Short Blades   | 1 2 3 4 |  4.1
Long Blades    | 1 2 3 4 |  4.1
Axes           | 1 2 3 4 |  4.1
Maces & Flails | 1 2 3 4 |  4.1
Polearms       | 1 2 3 4 |  4.1
Staves         | 1 2 3 4 |  4.1
Ranged Weapons | 1 2 3 4 |  4.1
Throwing       | 1 2 3 4 |  4.1
Armour         | 1 2 3 4 |  4.1
Shields        | 1 2 3 4 |  4.1
Unarmed Combat | 1 2 3 4 |  4.1
Evocations     | 1 2 3 4 |  4.1
Shapeshifting  | 1 2 3 |  3.7
Hexes          | 1 2 3 |  3.3
Summonings     | 1 2 3 |  3.3
Necromancy     | 1 2 3 |  3.3
Translocations | 1 2 3 |  3.3
Fire Magic     | 1 2 3 |  3.3
Ice Magic      | 1 2 3 |  3.3
Air Magic      | 1 2 3 |  3.3
Alchemy        | 1 2 3 |  3.3
Dodging        | 5 6 |  6.2
Stealth        | 5 |  5.9
Earth Magic    | 6 |  6.5

Action                     |  1- 3 |  4- 6 |  7- 9 || total
---------------------------+-------+-------+-------++-------
  Melee: Unarmed           |    10 |       |       ||    10
         Bite              |     1 |     3 |       ||     4
         Punch             |     1 |       |       ||     1
         Dagger            |       |    24 |     2 ||    26
   Cast: Sandblast         |    50 |   107 |   106 ||   263
         Stone Arrow       |       |       |     1 ||     1
    Use: Potion            |       |       |     3 ||     3
   Stab: Distracted        |       |     1 |       ||     1
 Armour: Robe              |    12 |    64 |    54 ||   130
  Dodge: Dodged            |    18 |    65 |    75 ||   158

Table legend: (Time is in decaauts)
 A = Elapsed time spent in this place.
 B = Non-inter-level travel time spent in this place.
 C = Inter-level travel time spent in this place.
 D = Time resting spent in this place.
 E = Time spent auto-exploring this place.
 F = Levels seen in this place.
 G = Mean time per level.
                   A        B        C        D        E       F      G
               +--------+--------+--------+--------+--------+-----+--------+
         Total |   7362 |   7081 |    281 |    394 |   5216 |   8 |  920.2 |
       Dungeon |   7348 |   7073 |    275 |    394 |   5216 |   7 | 1049.7 |
        Temple |     14 |      8 |      6 |      0 |      0 |   1 |   14.0 |
               +--------+--------+--------+--------+--------+-----+--------+

Top non-repeatable levels by time:
     D:5: 1718 daAuts
     D:6: 1113 daAuts
     D:3: 1053 daAuts
     D:4: 945 daAuts
     D:2: 913 daAuts
     D:1: 814 daAuts
     D:7: 789 daAuts
  Temple: 14 daAuts
